 Dungeon Crawl Stone Soup version 0.27-a0-836-gfc908b8576 (webtiles) character file.

Game seed: 11247537179214919590

25 polve the Changer (level 2, 0/23 HPs)
             Began as a Draconian Transmuter on Mar 31, 2021.
             Slain by Terence
             ... wielding a +0 falchion
              (4 damage)
             ... on level 2 of the Dungeon.
             The game lasted 00:00:47 (1052 turns).

polve the Changer (Draconian Transmuter)            Turns: 1052, Time: 00:00:48

Health: 0/23       AC:  4    Str: 12    XL:     2   Next: 86%
Magic:  4/5        EV: 12    Int: 13    God:
Gold:   58         SH:  0    Dex: 11    Spells: 4/5 levels left

rFire    . . .     SeeInvis .     - Unarmed
rCold    . . .     Faith    .   (no shield)
rNeg     . . .     Spirit   .   (armour unavailable)
rPois    .         Reflect  .   (helmet currently unavailable)
rElec    .         Harm     .   (no cloak)
rCorr    .         Rampage  .   (no gloves)
Will     .....                  (boots currently unavailable)
Stlth    +.........             (no amulet)
HPRegen  0.07/turn              (no ring)
MPRegen  0.09/turn              (no ring)

@: appendages
A: horns 2, talons 2, AC +4, unfitting armour, cold-blooded
a: End Transformation


You were on level 2 of the Dungeon.
You had temporarily grown beastly horns and talons.
You visited 1 branch of the dungeon, and saw 2 of its levels.

You collected 58 gold pieces.

Inventory:

Armour
 d - a +0 pair of gloves
Scrolls
 a - a scroll of noise {unknown}
 b - 2 scrolls of identify {unknown}
 c - 2 scrolls of teleportation {unknown}
 f - a scroll of fear {unknown}
 g - a scroll of enchant armour {unknown}
 h - a scroll of holy word {unknown}
Potions
 e - a potion of haste {unknown}


   Skills:
 - Level 1.1 Fighting
 - Level 1.7 Dodging
 - Level 3.0 Unarmed Combat
 - Level 2.0 Spellcasting
 + Level 3.4 Transmutations


You had 4 spell levels left.
You knew the following spells:

 Your Spells              Type           Power      Damage    Failure   Level
a - Beastly Appendage     Tmut           20%        N/A       6%          1

Your spell library contained the following spells:

 Spells                   Type           Power      Damage    Failure   Level
 Wereblood                Tmut           10%        N/A       10%         2
 Animate Skeleton         Necr           2%         N/A       26%         1
 Apportation              Tloc           2%         N/A       26%         1
 Corona                   Hex            1%         N/A       26%         1
 Summon Small Mammal      Summ           4%         N/A       26%         1
 Spider Form              Tmut/Pois      2%         N/A       36%         3
 Ice Form                 Ice/Tmut       5%         N/A       77%         4
 Hydra Form               Tmut           5%         N/A       86%         5


Dungeon Overview and Level Annotations

Branches:
Dungeon (2/15)

Altars:

Annotations:
D:2 Natasha, Terence


Innate Abilities, Weirdness & Mutations

You have temporarily grown beastly horns and talons.
Your plain brown scales are hard. (AC +4)
You cannot fit into any form of body armour.
You are cold-blooded and may be slowed by cold attacks.


Message History

You are too injured to fight recklessly!
You hit Terence but do no damage. You headbutt Terence.
Terence is lightly wounded.
Your transformation is almost over.
Terence closely misses you.
You hit Terence.
Terence is lightly wounded.
Terence closely misses you.
You hit Terence but do no damage. You claw Terence.
Your headbutt misses Terence.
Terence is moderately wounded.
Terence hits you with a +0 falchion.
Natasha casts a spell.
You hit Terence.
Terence is moderately wounded.
Terence hits you with a +0 falchion.
You hit Terence but do no damage. You claw Terence, but do no damage.
Terence is moderately wounded.
Terence hits you but does no damage.
You hit Terence but do no damage. You claw Terence.
Terence is heavily wounded.
Terence closely misses you.
Casting: Beastly Appendage (safe; 6% risk of failure)
Confirm with . or Enter, or press ? or * to list all spells.
You extend your transformation's duration.
Natasha casts a spell.
Terence misses you.
You hit Terence.
Terence is severely wounded.
Terence hits you with a +0 falchion!
You hit Terence but do no damage.
Terence is severely wounded.
Terence hits you with a +0 falchion.
* * * LOW HITPOINT WARNING * * *
You hit Terence. You claw Terence, but do no damage.
Your headbutt misses Terence. You tail-slap Terence.
Terence is almost dead.
The shadow imp shouts, "Quit, thou feeble roguish pignut!"
Terence hits you with a +0 falchion.
You die...

#. #. #.
#.## #...
#..#######..
#...@@5h5...
##.#######..
#. #.### #.
#...# ####.
###.# ###..
.... #.#
#.... #...
#.# #.#.#
#..# #.#
#.#.#
#####..# #.#
#.#.#
#.......


You could see Terence, Natasha and 2 shadow imps.

Vanquished Creatures
  3 endoplasms
  A giant cockroach (D:2)
  3 goblins (D:1)
  A hobgoblin (D:2)
  4 kobolds
  2 quokkas (D:1)
  2 ball pythons (D:1)
  A bat (D:2)
  3 frilled lizards (D:1)
  3 rats
23 creatures vanquished.

Notes
Turn   | Place    | Note
-------+----------+-------------------------------------------
     0 | D:1      | polve the Draconian Transmuter began the quest for the Orb.
     0 | D:1      | Reached XP level 1. HP: 16/16 MP: 3/3
   342 | D:1      | Reached XP level 2. HP: 23/23 MP: 5/5
  1039 | D:2      | Noticed Terence
  1042 | D:2      | Noticed Natasha
  1052 | D:2      | Slain by Terence

Illustrated notes

Levels and vault maps discovered:
D:1:      shiori_shiawase, layout_basic
D:2:      layout_loops_ring, overflow_temple_1_default,
          overflow_temple_1_default, uniq_terence, uniq_natasha

Skill      XL: |  1  2 |
---------------+-------+-----
Transmutations | 3 |  3.4
Fighting       | |  1.1
Dodging        | |  1.7
Unarmed Combat | |  3.0
Spellcasting   | |  2.0

Action                   || total
-------------------------++-------
Melee: Unarmed           ||    80
       Tailslap          ||     7
       Kick              ||    10
       Headbutt          ||     4
 Cast: Beastly Appendage ||    13
Armor: Skin              ||    24
Dodge: Dodged            ||    46

Table legend: (Time is in decaauts)
 A = Elapsed time spent in this place.
 B = Non-inter-level travel time spent in this place.
 C = Inter-level travel time spent in this place.
 D = Time resting spent in this place.
 E = Time spent auto-exploring this place.
 F = Levels seen in this place.
 G = Mean time per level.
                   A        B        C        D        E       F      G
               +--------+--------+--------+--------+--------+-----+--------+
         Total |   1046 |   1019 |     27 |      0 |    824 |   2 |  523.0 |
       Dungeon |   1046 |   1019 |     27 |      0 |    824 |   2 |  523.0 |
               +--------+--------+--------+--------+--------+-----+--------+

Top non-repeatable levels by time:
     D:1: 735 daAuts
     D:2: 311 daAuts
